 Dungeon Crawl Stone Soup version 0.26.0-10-g1f06aea511 (webtiles) character file.

Game seed: 2220811722216844957

48 DildoBatman the Conjurer (level 4, -1/30 HPs)
             Began as a Formicid Conjurer on Jan 14, 2021.
             Slain by a hound (3 damage)
             ... on level 4 of the Dungeon.
             The game lasted 00:03:17 (1560 turns).

DildoBatman the Conjurer (Formicid Conjurer)        Turns: 1560, Time: 00:03:18

Health: -1/30      AC:  2    Str: 12    XL:     4   Next: 0%
Magic:  7/7        EV: 12    Int: 18    God:
Gold:   162        SH:  0    Dex:  9    Spells: 4/7 levels left

rFire    . . .     SeeInvis +   k - +0 whip
rCold    . . .     Faith    .   (no shield)
rNeg     . . .     Spirit   .   a - +0 robe
rPois    .         Reflect  .   (helmet unavailable)
rElec    .         Harm     .   (no cloak)
rCorr    .         Rampage  .   (no gloves)
Will     .....                  (no boots)
Stlth    ++........             (no amulet)
HPRegen  0.10/turn              (no ring)
MPRegen  0.10/turn              (no ring)

@: no status effects
A: permanent stasis, dig shafts and tunnels, four strong arms, antennae 3
a: Dig, Shaft Self


You were on level 4 of the Dungeon.
You visited 1 branch of the dungeon, and saw 3 of its levels.

You collected 162 gold pieces.

Inventory:

Hand Weapons
 i - a +0 dagger
 k - a +0 whip (weapon)
Missiles
 d - 38 stones
 l - 17 arrows
Armour
 a - a +0 robe (worn)
Scrolls
 c - a scroll of enchant armour {unknown}
 f - a scroll of amnesia {unknown}
 j - a scroll of remove curse {unknown}
 m - a scroll of teleportation {unknown}
 n - a scroll of identify {unknown}
Potions
 b - a potion of magic {unknown}
 e - 3 potions of heal wounds {unknown}
 g - a potion of curing {unknown}
 h - 2 potions of flight {unknown}
 o - a potion of attraction {unknown}


   Skills:
 - Level 1.7 Dodging
 - Level 2.4 Stealth
 - Level 2.1 Spellcasting
 * Level 4.8 Conjurations


You had 4 spell levels left.
You knew the following spells:

 Your Spells              Type           Power        Failure   Level
a - Searing Ray           Conj           38%          3%          2
c - Magic Dart            Conj           76%          2%          1

Your spell library contained the following spells:

 Spells                   Type           Power        Failure   Level
 Dazzling Flash           Conj/Hex       20%          21%         3
 Fulminant Prism          Conj/Hex       5%           54%         4
 Iskenderun's Mystic Bla  Conj/Tloc      10%          54%         4


Dungeon Overview and Level Annotations

Branches:
Dungeon (2/15)

Altars:


Innate Abilities, Weirdness & Mutations

You cannot be hasted, slowed, berserked, paralysed or teleported.
You can dig through walls and to a lower floor.
Your four strong arms can wield two-handed weapons with a shield.
You have a pair of large antennae on your head. (SInv)


Message History

Anything else - Cancel.
You shout for attention!
The hound misses you. What are your orders? t - Shout!
Orders for allies: a - Attack new target. r - Retreat! s - Stop attacking. g - Guard the area. f - Follow me.
Anything else - Cancel.
You shout for attention!
The hound bites you. x2
What are your orders? t - Shout!
Orders for allies: a - Attack new target. r - Retreat! s - Stop attacking. g - Guard the area. f - Follow me.
Anything else - Cancel.
You shout for attention!
The hound bites you.
You die...

###
..?
#.#
#.#
#.#
#.#
{
{{
#.#
#@#
#h#
#$#
#.#
#.#
#.#
#.#
#..


You could see a hound.

Vanquished Creatures
  An ooze (D:1)
  2 dart slugs
  A leopard gecko (D:2)
  A ball python (D:1)
  4 giant cockroaches
  3 goblins
  3 hobgoblins
  9 kobolds
  3 bats
  4 frilled lizards
  8 rats
39 creatures vanquished.

Vanquished Creatures (others)
  5 toadstools (D:2)
  2 withered plants (D:4)
7 creatures vanquished.

Grand Total: 46 creatures vanquished

Notes
Turn   | Place    | Note
-------+----------+-------------------------------------------
     0 | D:1      | DildoBatman the Formicid Conjurer began the quest for the
                  | Orb.
     0 | D:1      | Reached XP level 1. HP: 13/13 MP: 3/3
   212 | D:1      | Reached skill level 4 in Conjurations
   212 | D:1      | Reached XP level 2. HP: 6/19 MP: 0/5
   322 | D:1      | Learned a level 2 spell: Searing Ray
   468 | D:1      | Reached XP level 3. HP: 24/24 MP: 1/6
  1529 | D:2      | Reached XP level 4. HP: 29/30 MP: 5/7
  1531 | D:2      | You fall into a shaft and drop 2 floors!
  1560 | D:4      | Slain by a hound

Illustrated notes

Levels and vault maps discovered:
D:1:      ebering_trefoil_3fold, layout_loops_ring, hex_tiny
D:2:      layout_loops_corners, minmay_gold_behind_fungi,
          chequers_serial_rivers_large_a
D:4:      layout_loops_ring, serial_undead, serial_undead_c, serial_undead_e,
          serial_undead_b, serial_undead_b, serial_undead_e, serial_undead_e,
          serial_undead_e, uniq_edmund, uniq_blork_the_orc,
          uniq_crazy_yiuf_cottage

Skill      XL: |  1 |
---------------+----+-----
Conjurations   | 4 |  4.8
Dodging        | |  1.7
Stealth        | |  2.4
Spellcasting   | |  2.1

Action                   |  1- 3 |  4- 6 || total
-------------------------+-------+-------++-------
Melee: Unarmed           |    10 |       ||    10
       Whip              |     3 |       ||     3
 Cast: Magic Dart        |    65 |       ||    65
       Searing Ray       |     9 |       ||     9
 Abil: Dig               |     5 |       ||     5
       Shaft Self        |       |     1 ||     1
Armor: Robe              |     4 |     3 ||     7
Dodge: Dodged            |    15 |    25 ||    40
